 Dungeon Crawl Stone Soup version 0.23.2-40-g277498a001 (webtiles) character file.

Game seed: 5712528952164250807

4916 Curus the Basher (level 10, -4/105 HPs)
             Began as a Demonspawn Abyssal Knight on Sept 26, 2019.
             Was a Priest of Lugonu.
             Slain by a death yak (8 damage)
             ... on level 9 of the Dungeon on Sept 27, 2019.
             The game lasted 00:50:34 (7816 turns).

Curus the Basher (Demonspawn Abyssal Knight)        Turns: 7816, Time: 00:50:34

Health: -4/105     AC: 32    Str: 16    XL:     10   Next: 27%
Magic:  0/17       EV:  2    Int: 13    God:    Lugonu [***...]
Gold:   116        SH:  0    Dex: 19    Spells: 9/9 levels left

rFire    . . .     SeeInvis .   z - +0 flail (protect)
rCold    . . .     Gourm    .   (no shield)
rNeg     + + +     Faith    .   (armour currently unavailable)
rPois    +         Spirit   +   (helmet currently unavailable)
rElec    .         Reflect  .   (cloak currently unavailable)
rCorr    +         Harm     .   (gloves currently unavailable)
MR       +....     Rnd*Rage +   (boots currently unavailable) Stlth +++.......NoTele +
                                h - amulet of the acrobat
HPRegen  0.67/turn              B - ring of poison resistance
MPRegen  0.30/turn              v - ring of resist corrosion

@: tree-form, protection aura
A: thin skeletal structure 2, berserk 1, magic resistance 1, regeneration 1,
strong 1, magic shield, magic regeneration
a: Depart the Abyss, Bend Space, Banish, Renounce Religion


You were on level 9 of the Dungeon.
You worshipped Lugonu.
Lugonu was most pleased with you.
You were near starving.
You were a tree.
You visited 1 branch of the dungeon, and saw 9 of its levels.
You visited the Abyss 1 time.
You also visited: Ossuary.

You collected 311 gold pieces.
You spent 195 gold pieces at shops.

Inventory:

Hand Weapons
 a - a +1 mace of electrocution
 z - a +0 flail of protection (weapon)
Armour
 b - a +0 leather armour
 d - a +0 ring mail
 e - a +0 pair of gloves
 f - a +0 ring mail
 k - a +2 ring mail of fire resistance (melded)
 q - a +2 pair of gloves of dexterity (melded)
 A - a +1 cloak (melded)
Jewellery
 h - an amulet of the acrobat (around neck)
 j - an uncursed ring of flight
 v - a ring of resist corrosion (right branch)
 B - a ring of poison resistance (left branch)
Wands
 l - a wand of acid (7)
 m - a wand of random effects (18)
 s - a wand of digging (7)
 y - a wand of paralysis (8)
Scrolls
 g - 4 scrolls of identify
 i - 5 scrolls of teleportation
 o - a scroll of holy word
 p - 4 scrolls of blinking
 r - 3 scrolls of remove curse
 x - a scroll of magic mapping
Potions
 n - 2 potions of flight
 t - a potion of haste
 u - 2 potions of curing
 w - a potion of lignification
Comestibles
 c - 12 rations


   Skills:
 - Level 3.0 Fighting
 * Level 12.0 Maces & Flails
 - Level 1.7 Armour
 - Level 0.8 Dodging
 - Level 10.1 Invocations


You had 9 spell levels left.
You didn't know any spells.
Your spell library was empty.

Dungeon Overview and Level Annotations

Branches:
Dungeon (9/15)             Temple (0/1) D:4            Lair (0/6) D:9
    Orc: D:9-12

Altars:
Dithmenos
Elyvilon
Fedhas
Gozag
Qazlal
Trog
Vehumet
Yredelemnul
Zin

Shops:
D:6 !%}(

Annotations:
D:7 2 transporters, Aggronaut's ghost, novice DrBe


Innate Abilities, Weirdness & Mutations

((You have hoof-like feet.))
You have a moderately thin skeletal structure. (Dex +4, Stealth+)
When hurt, damage is shared between your health and your magic reserves.
You regenerate magic rapidly.
You tend to lose your temper in combat.
You are resistant to hostile enchantments. (MR+)
Your natural rate of healing is unusually fast.
Your muscles are strong. (Str +2)


Message History

You hit the death yak.
The death yak is lightly wounded.
The death yak gores you!
* * * LOW HITPOINT WARNING * * *
You sock the death yak!
The death yak is moderately wounded.
The death yak gores you!
* * * LOW HITPOINT WARNING * * *
Okay, then.
Unknown command.
Unknown command.
Okay, then.
Unknown command.
Unknown command.
You hit the death yak but do no damage.
The death yak is moderately wounded.
You thump the death yak!
The death yak is heavily wounded.
The death yak gores you!
You die...

#......$.. #.........
#......... #.........
#.#..r# ##.....# #rr#####
#Y## ########
##♣#########.......
#............#.####
#.####.............
#.#####.###...####..#####
#..........>#.# #.......
........###...# #.......
######### ##### #..#####
#..# # #..# ##


You could see a death yak, a porcupine and a river rat.

Vanquished Creatures
  A death yak (D:9)
  Prince Ribbit (D:6)
  Sigmund (D:2)
  Duvessa (D:5)
  3 ice beasts
  2 orc warriors
  3 phantoms
  4 ogres
  A necrophage (D:6)
  3 centaurs
  2 bullfrogs (D:8)
  Dowan (D:5)
  2 scorpions (D:6)
  6 killer bees (D:7)
  4 wights
  5 crimson imps
  5 hounds
  4 centaur zombies (Ossuary)
  An orc priest (D:8)
  A centaur skeleton (D:6)
  A bullfrog skeleton (D:6)
  6 orc wizards
  3 iguanas
  4 worker ants
  4 big kobold zombies (Ossuary)
  A hound zombie (D:5)
  A howler monkey zombie (D:6)
  4 mummies (Ossuary)
  A worker ant zombie (D:5)
  9 adders
  10 gnolls
  4 shadow imps
  5 oozes
  An adder zombie (D:5)
  6 worms
  3 dart slugs
  2 leopard geckos
  27 orcs
  5 bats
  2 giant cockroaches
  11 goblins
  6 hobgoblins
  5 jackals (D:8)
  12 kobolds
  A quokka (D:8)
  3 frilled lizards
  A quokka skeleton (D:6)
  3 rats
  A bush (D:2)
193 creatures vanquished.

Vanquished Creatures (others)
  A death yak (D:9)
  An orc warrior (D:8)
  2 mummies (Ossuary)
4 creatures vanquished.

Grand Total: 197 creatures vanquished

Notes
Turn   | Place    | Note
-------+----------+-------------------------------------------
     0 | Abyss:1  | Curus the Demonspawn Abyssal Knight began the quest for the
                  | Orb.
     0 | Abyss:1  | Reached XP level 1. HP: 18/18 MP: 2/2
    47 | Abyss:1  | Noticed a large abomination
    48 | D:1      | Escaped the Abyss
   170 | D:1      | Reached skill level 2 in Maces & Flails
   199 | D:1      | Gained mutation: You have large cloven feet. [demonic
                  | ancestry]
   199 | D:1      | Reached XP level 2. HP: 24/24 MP: 4/4
   212 | D:1      | Reached * piety under Lugonu
   813 | D:2      | Noticed Sigmund
   841 | D:1      | Reached XP level 3. HP: 12/29 MP: 5/5
  1191 | D:2      | Killed Sigmund
  1191 | D:2      | Reached skill level 3 in Maces & Flails
  1191 | D:2      | Reached skill level 5 in Invocations
  1191 | D:2      | Gained mutation: When hurt, damage is shared between your
                  | health and your magic reserves. [demonic ancestry]
  1191 | D:2      | Reached XP level 4. HP: 19/35 MP: 5/8
  1191 | D:2      | Gained mutation: You have hoof-like feet. [demonic
                  | ancestry]
  1191 | D:2      | Reached XP level 5. HP: 22/41 MP: 5/9
  1644 | D:2      | Reached skill level 4 in Maces & Flails
  2092 | D:3      | Gained mutation: You have a somewhat thin skeletal
                  | structure. (Dex +2, Stealth) [demonic ancestry]
  2092 | D:3      | Reached XP level 6. HP: 33/47 MP: 7/10
  2171 | D:3      | Reached ** piety under Lugonu
  2828 | D:4      | Found a stormy altar of Qazlal.
  2935 | D:4      | Reached XP level 7. HP: 44/52 MP: 12/12
  2947 | D:4      | Reached skill level 5 in Maces & Flails
  3055 | D:4      | Found a staircase to the Ecumenical Temple.
  3221 | D:5      | Entered Level 5 of the Dungeon
  3331 | D:5      | Found a basalt altar of Yredelemnul.
  3360 | D:5      | Noticed Duvessa
  3360 | D:5      | Noticed Dowan
  3384 | D:5      | Killed Duvessa
  3388 | D:5      | Killed Dowan
  3708 | D:5      | Reached *** piety under Lugonu
  3708 | D:5      | Reached skill level 6 in Maces & Flails
  3920 | D:5      | Found a shadowy altar of Dithmenos.
  3999 | D:5      | Reached XP level 8. HP: 39/58 MP: 10/14
  4249 | D:6      | Found a sand-covered staircase.
  4265 | Ossuary  | Entered an ossuary
  4579 | Ossuary  | Reached skill level 7 in Maces & Flails
  5111 | D:6      | Found an opulent altar of Gozag.
  5124 | D:6      | Reached skill level 10 in Invocations
  5151 | D:6      | Reached skill level 8 in Maces & Flails
  5171 | D:6      | Noticed Prince Ribbit
  5189 | D:6      | Killed Prince Ribbit
  5189 | D:6      | Gained mutation: You regenerate magic rapidly. [demonic
                  | ancestry]
  5189 | D:6      | Reached XP level 9. HP: 29/63 MP: 11/16
  5321 | D:6      | Found Jugohagec's Food Emporium.
  5631 | D:6      | Found Ones's Weapon Shoppe.
  5675 | D:6      | Found Mocwemiw's Gadget Emporium.
  5736 | D:6      | Reached skill level 9 in Maces & Flails
  5804 | D:6      | Found Wigoh's Distillery.
  5816 | D:6      | Bought a potion of haste for 130 gold pieces
  5816 | D:6      | Bought a potion of heal wounds for 65 gold pieces
  5969 | D:6      | Found a bloodstained altar of Trog.
  5969 | D:6      | Found a glowing silver altar of Zin.
  5970 | D:6      | Found a white marble altar of Elyvilon.
  5997 | D:6      | Reached **** piety under Lugonu
  6102 | D:6      | Found a radiant altar of Vehumet.
  6201 | D:7      | Found a transporter.
  6552 | D:7      | Reached skill level 10 in Maces & Flails
  6822 | D:7      | Found a transporter.
  6822 | D:7      | Noticed Aggronaut's ghost (novice DrBe)
  7050 | D:7      | You fall through a shaft!
  7154 | D:8      | Reached skill level 11 in Maces & Flails
  7421 | D:8      | Found a blossoming altar of Fedhas.
  7444 | D:8      | Gained mutation: Your muscles are strong. (Str +2) [potion
                  | of mutation]
  7444 | D:8      | Gained mutation: Your natural rate of healing is unusually
                  | fast. [potion of mutation]
  7444 | D:8      | Gained mutation: You tend to lose your temper in combat.
                  | [potion of mutation]
  7444 | D:8      | Gained mutation: You are resistant to hostile enchantments.
                  | (MR+) [potion of mutation]
  7599 | D:8      | Gained mutation: You have a moderately thin skeletal
                  | structure. (Dex +4, Stealth+) [demonic ancestry]
  7599 | D:8      | Reached XP level 10. HP: 49/70 MP: 12/17
  7762 | D:9      | Noticed a death yak
  7763 | D:9      | Found a staircase to the Lair.
  7770 | D:9      | Noticed a death yak
  7774 | D:9      | Noticed a death yak
  7807 | D:9      | Killed a death yak
  7809 | D:9      | Banished a death yak
  7809 | D:9      | Reached skill level 12 in Maces & Flails
  7814 | D:9      | HP: 3/105 [death yak (12)]
  7816 | D:9      | Slain by a death yak

Skill      XL: |  1  2  3  4  5  6  7  8  9 10 |
---------------+-------------------------------+-----
Maces & Flails | 2 3 4 6 8 11 12 | 12.0
Invocations    | 3 5 6 7 9 10 | 10.1
Fighting       | |  3.0
Armour         | |  1.7
Dodging        | |  0.8

Action                   |  1- 3 |  4- 6 |  7- 9 | 10-12 || total
-------------------------+-------+-------+-------+-------++-------
Melee: Mace              |    73 |   220 |   436 |       ||   729
       Kick              |    12 |    59 |   195 |    10 ||   276
       Flail             |       |       |   103 |    60 ||   163
Invok: Depart the Abyss  |     1 |       |       |       ||     1
       Banish            |       |       |     3 |     3 ||     6
       Bend Space        |       |       |     1 |       ||     1
Evoke: Wand              |       |       |     5 |       ||     5
  Use: Potion            |     2 |     2 |     5 |     1 ||    10
       Scroll            |     1 |     7 |     8 |     1 ||    17
 Stab: Sleeping          |       |       |     1 |       ||     1
  Eat: Chunk             |       |     6 |    11 |       ||    17
       Ration            |       |       |     2 |       ||     2
Armor: Ring mail         |    30 |    77 |   264 |    13 ||   384
       Skin              |       |       |       |    15 ||    15
Dodge: Dodged            |    29 |    99 |   321 |    13 ||   462
